General information
- name: BNet
- type: Ladder team game (AT/RT)
- host: Battle.net
- saver: Miles_Edgeworth
map: BloodstoneMesa
- players: 6
- length: 26:04
- speed: Fast
- version: 1.24 W3XP
- replay type: Public
» download(202 KB)
Players
team 1 (winner)

»
Iamdisconect (
red | 95 APM | 2460 actions | 25:57)
5 Priestess of the Moon
3 Trueshot Aura
2 Searing Arrows
» actions
| Assign group hotkey | 39 | |
| Basic commands | 61 | |
| Build / train | 106 | |
| ESC pressed | 2 | |
| Enter build submenu | 20 | |
| Enter hero's abilities submenu | 5 | |
| Give item / drop item | 2 | |
| Right click | 907 | |
| Select / deselect | 596 | |
| Select group hotkey | 686 | |
| Use ability | 36 | |
2460 total
» units
| Wisp | 28 | |
| Huntress | 11 | |
| Archer | 24 | |
| Dryad | 13 | |
| Druid of the Claw | 7 | |
83 total
» upgrades
| Strength of the Moon | 2 | |
| Improved Bows | 1 | |
| Moon Armor | 1 | |
| Druid of the Claw Training | 2 | |
6 total
» buildings
| Altar of Elders | 1 | |
| Moon Well | 6 | |
| Ancient of War | 2 | |
| Hunter's Hall | 1 | |
| Ancient Protector | 4 | |
| Tree of Ages | 1 | |
| Ancient of Wonders | 1 | |
| Tree of Eternity | 2 | |
| Ancient of Lore | 2 | |
20 total
» build order
00:06 Altar of Elders
00:17 Moon Well
02:09 Ancient of War
02:11 Hunter's Hall
02:33 Ancient of War
02:41 Moon Well
03:11 Moon Well
05:43 Moon Well
05:43 Moon Well
07:07 Ancient Protector
07:07 Ancient Protector
08:33 Tree of Ages
11:51 Ancient Protector
12:00 Ancient Protector
13:56 Ancient of Wonders
16:16 Tree of Eternity
16:16 Tree of Eternity
16:18 Moon Well
16:44 Ancient of Lore
16:59 Ancient of Lore
» items

»
iamgodlike (
pink | 114 APM | 2953 actions | 25:57)
5 Blademaster
3 Wind Walk
2 Critical Strike
» actions
| Assign group hotkey | 184 | |
| Build / train | 40 | |
| ESC pressed | 5 | |
| Enter build submenu | 24 | |
| Enter hero's abilities submenu | 5 | |
| Remove unit from queue | 1 | |
| Right click | 1306 | |
| Select / deselect | 473 | |
| Select group hotkey | 746 | |
| Use ability | 169 | |
2953 total
» units
| Peon | 8 | |
| Raider | 6 | |
| Troll Batrider | 4 | |
18 total
» upgrades
» buildings
| Orc Burrow | 13 | |
| War Mill | 1 | |
| Altar of Storms | 1 | |
| Stronghold | 4 | |
| Beastiary | 4 | |
| Voodoo Lounge | 3 | |
26 total
» build order
00:20 Orc Burrow
00:36 War Mill
01:01 Altar of Storms
01:07 Stronghold
01:07 Stronghold
01:39 Orc Burrow
01:41 Orc Burrow
03:29 Beastiary
03:30 Beastiary
03:31 Beastiary
03:32 Beastiary
03:51 Orc Burrow
04:05 Voodoo Lounge
04:35 Voodoo Lounge
04:50 Voodoo Lounge
06:20 Orc Burrow
06:51 Orc Burrow
07:03 Orc Burrow
07:32 Orc Burrow
07:41 Orc Burrow
08:31 Orc Burrow
11:21 Orc Burrow
11:23 Orc Burrow
11:23 Orc Burrow
» items
| Potion of Healing | 1 | |
| Potion of Mana | 1 | |
| Lesser Clarity Potion | 3 | |
| Healing Salve | 1 | |
| Scroll of Speed | 1 | |
7 total

»
iammacias (
purple | 47 APM | 1208 actions | 25:57)
3 Demon Hunter
2 Mana Burn
1 Evasion
» actions
| Build / train | 44 | |
| Enter build submenu | 14 | |
| Enter hero's abilities submenu | 3 | |
| Remove unit from queue | 1 | |
| Right click | 696 | |
| Select / deselect | 390 | |
| Use ability | 60 | |
1208 total
» units
» upgrades
| Abolish Magic | 1 | |
| Strength of the Wild | 1 | |
2 total
» buildings
| Altar of Elders | 1 | |
| Moon Well | 5 | |
| Tree of Ages | 1 | |
| Hunter's Hall | 1 | |
| Tree of Life | 1 | |
| Ancient of Lore | 2 | |
| Ancient of Wonders | 1 | |
| Ancient of War | 1 | |
13 total
» build order
00:13 Altar of Elders
00:30 Moon Well
06:02 Tree of Ages
06:05 Moon Well
06:20 Hunter's Hall
07:44 Tree of Life
11:19 Ancient of Lore
11:20 Ancient of Lore
11:26 Moon Well
11:45 Moon Well
13:06 Ancient of Wonders
13:13 Moon Well
13:45 Ancient of War
» items
| Healing Salve | 1 | |
| Scroll of Town Portal | 1 | |
2 total
team 2 (loser)

»
darkwasp (
yellow | 75 APM | 1938 actions | 25:57)
2 Demon Hunter
1 Mana Burn
1 Evasion
» actions
| Assign group hotkey | 580 | |
| Basic commands | 4 | |
| Build / train | 59 | |
| Enter build submenu | 13 | |
| Enter hero's abilities submenu | 2 | |
| Give item / drop item | 2 | |
| Right click | 734 | |
| Select / deselect | 318 | |
| Select group hotkey | 164 | |
| Use ability | 61 | |
1938 total
» units
» buildings
| Altar of Elders | 2 | |
| Moon Well | 3 | |
| Tree of Life | 5 | |
| Hunter's Hall | 1 | |
| Tree of Ages | 1 | |
| Ancient of War | 1 | |
13 total
» build order
00:13 Altar of Elders
00:18 Moon Well
11:33 Tree of Life
12:42 Hunter's Hall
16:14 Tree of Life
19:01 Tree of Life
19:37 Tree of Life
21:31 Moon Well
22:24 Altar of Elders
24:23 Tree of Life
25:26 Tree of Ages
25:50 Moon Well
25:53 Ancient of War
» items
| Dust of Appearance | 1 | |
| Orb of Corruption | 1 | |
| Rod of Necromancy | 1 | |
| Potion of Healing | 1 | |
4 total

»
Io.0I (
green | 67 APM | 1746 actions | 25:57)
3 Blademaster
2 Wind Walk
1 Critical Strike
» actions
| Assign group hotkey | 10 | |
| Basic commands | 1 | |
| Build / train | 17 | |
| ESC pressed | 1 | |
| Enter build submenu | 5 | |
| Enter hero's abilities submenu | 3 | |
| Give item / drop item | 3 | |
| Right click | 1226 | |
| Select / deselect | 173 | |
| Select group hotkey | 274 | |
| Use ability | 31 | |
1746 total
» units
» buildings
| Altar of Storms | 1 | |
| Orc Burrow | 2 | |
3 total
» build order
00:04 Altar of Storms
00:19 Orc Burrow
04:20 Orc Burrow
» items

»
Miles_Edgeworth (
orange | 177 APM | 4603 actions | 26:03)
5 Death Knight
3 Death Coil
2 Unholy Aura
5 Lich
3 Frost Nova
2 Frost Armor
4 Pit Lord
2 Rain of Fire
2 Cleaving Attack
» actions
| Assign group hotkey | 36 | |
| Basic commands | 184 | |
| Build / train | 75 | |
| ESC pressed | 10 | |
| Enter build submenu | 16 | |
| Enter hero's abilities submenu | 14 | |
| Give item / drop item | 4 | |
| Right click | 1534 | |
| Select / deselect | 629 | |
| Select group hotkey | 2003 | |
| Use ability | 98 | |
4603 total
» units
| Acolyte | 3 | |
| Ghoul | 2 | |
| Gargoyle | 10 | |
| Frost Wyrm | 6 | |
| Crypt Fiend | 9 | |
30 total
» upgrades
| Creature Attack | 3 | |
| Creature Carapace | 3 | |
| Web | 1 | |
7 total
» buildings
| Crypt | 5 | |
| Graveyard | 1 | |
| Altar of Darkness | 1 | |
| Halls of the Dead | 1 | |
| Ziggurat | 7 | |
| Tomb of Relics | 2 | |
| Black Citadel | 1 | |
| Sacrificial Pit | 1 | |
| Boneyard | 3 | |
22 total
» build order
00:07 Crypt
00:18 Graveyard
00:36 Altar of Darkness
00:44 Halls of the Dead
01:18 Ziggurat
01:29 Crypt
01:36 Tomb of Relics
01:40 Crypt
01:52 Crypt
02:07 Crypt
02:08 Ziggurat
02:11 Ziggurat
02:19 Tomb of Relics
03:22 Black Citadel
04:28 Ziggurat
04:52 Sacrificial Pit
05:43 Ziggurat
05:44 Ziggurat
05:45 Ziggurat
06:05 Boneyard
06:07 Boneyard
06:08 Boneyard
» items
| Rod of Necromancy | 1 | |
| Potion of Healing | 7 | |
| Scroll of Town Portal | 7 | |
| Dust of Appearance | 1 | |
| Potion of Mana | 1 | |
| Scroll of Healing | 1 | |
18 total
Chat log
(00:06 / Allies) darkwasp: E
(00:08 / Allies) darkwasp: FEED?
(00:11 / Allies) Miles_Edgeworth: up to you guys
(00:13 / Allies) Io.0I: mass t1
(00:14 / Allies) darkwasp: YES
(00:14 / Allies) darkwasp: DO IT
(00:23 / Allies) Io.0I: feed what?
(00:25 / Allies) darkwasp: FEED HIM
(00:25 / Allies) Miles_Edgeworth: garg?
(00:27 / Allies) darkwasp: YES
(00:28 / Allies) darkwasp: GO
(00:33 / Allies) Miles_Edgeworth: k
(00:44 / Allies) Io.0I: tech
(00:57 / Allies) Io.0I: do we go pandas?
(01:02 / Allies) Miles_Edgeworth: no go something that harasses well
(01:04 / Allies) darkwasp: WE WILL HARASS
(01:33 / Allies) Io.0I: dh bm?
(01:37 / Allies) darkwasp: YEAH
(01:46 / Allies) darkwasp: JUST NEED TO DELAY
(01:49 / Allies) Io.0I: go
(01:52 / Allies) Io.0I: delay ud
(01:53 / Allies) Io.0I: or elf?
(01:58 / Allies) darkwasp: LETS SEE WHAT THEY HAVE
(02:36 / All) Io.0I: ROFL
(02:37 / Allies) darkwasp: GOGOGO
(02:37 / All) Io.0I: NCIE HACK
(02:38 / All) Io.0I: PINK
(02:41 / All) iamgodlike: ?
(02:43 / All) Io.0I: ?
(02:46 / All) Io.0I: y u burrow?
(02:51 / All) iamgodlike: dh coming to my base
(02:52 / All) iamgodlike: duh
(02:55 / All) Io.0I: ROFL
(03:07 / Allies) Miles_Edgeworth: feed
(03:19 / All) Io.0I: w.e man
(03:22 / Allies) darkwasp: WELL
(03:22 / All) Io.0I: UR FULL OF SHIT
(03:24 / Allies) darkwasp: HE NEEDS OT DIE
(03:29 / All) Io.0I: HACKER NERDS
(03:31 / All) Io.0I: ABUSE NERDS
(03:32 / Allies) Miles_Edgeworth: yeah
(03:36 / Allies) darkwasp: WE NEED TO KILL HIS SHOP
(03:37 / Allies) Miles_Edgeworth: just don't let him tower
(03:48 / Allies) darkwasp: WELLING AND GOING BACK
(03:55 / Allies) darkwasp: GO
(03:55 / Allies) Miles_Edgeworth: ok i'm going
(03:56 / Allies) darkwasp: ASAP
(04:09 / Allies) darkwasp: STOP THAT SHOP
(04:13 / Allies) darkwasp: SHOP
(04:16 / Allies) darkwasp: SHOP
(04:20 / Allies) darkwasp: \
(04:21 / Allies) darkwasp: NICE
(04:23 / Allies) darkwasp: BEASTS
(04:49 / Allies) Miles_Edgeworth: feed
(05:15 / Allies) darkwasp: COME BACK AND KILL THIS SHIT
(05:24 / Allies) darkwasp: RAIDER LOL
(05:48 / Allies) Miles_Edgeworth: hall
(05:50 / Allies) darkwasp: YOU HAVE MY TP
(05:52 / Allies) Miles_Edgeworth: k
(06:37 / Allies) Miles_Edgeworth: finish it
(06:48 / Allies) darkwasp: END THE ELF
(06:52 / Allies) Miles_Edgeworth: will do
(06:57 / Allies) Miles_Edgeworth: someone buy me an orb
(07:00 / Allies) Miles_Edgeworth: ok
(07:01 / Allies) darkwasp: YES I CAN
(07:22 / Allies) Io.0I: raiders
(07:24 / Allies) Io.0I: to oen of u
(07:37 / Allies) Io.0I: nothing
(07:52 / Allies) Miles_Edgeworth: give orb
(07:57 / Allies) darkwasp: YOU AVE
(08:00 / Allies) Miles_Edgeworth: ty
(08:02 / Allies) Miles_Edgeworth: killing
(08:03 / Allies) Miles_Edgeworth: purple
(08:03 / Allies) Miles_Edgeworth: now
(08:07 / All) iamgodlike: I CAN MAKE BATS
(08:15 / All) darkwasp: NO STFU
(08:21 / Allies) Miles_Edgeworth: getitng pruple then tping
(08:25 / Allies) Io.0I: kill this hall
(08:26 / Allies) Io.0I: then tp
(08:29 / Allies) Miles_Edgeworth: yeah
(08:32 / Allies) Miles_Edgeworth: repair as much as you cna
(08:39 / Allies) darkwasp: BETTER HURRY
(09:09 / Allies) darkwasp: ITS GOING DOWN
(09:11 / Allies) darkwasp: HALP
(09:15 / Allies) darkwasp: HE TPS
(09:38 / Allies) darkwasp: ALSO
(09:39 / Allies) Io.0I: wtf
(09:41 / Allies) darkwasp: HE HAS THAT BURROW UP
(09:45 / Allies) Miles_Edgeworth: yeah i switched to fiend
(09:45 / Allies) darkwasp: I WOULD WATCH FOR BATS
(09:53 / Allies) darkwasp: KILL THAT
(10:08 / All) iamgodlike: FEED ME
(10:20 / Allies) Miles_Edgeworth: coming to kill
(10:41 / Allies) darkwasp: DELAYING RED
(10:54 / Allies) darkwasp: STILL NEEDS TO DIE
(10:56 / Allies) Miles_Edgeworth: i know.
(11:14 / Allies) Io.0I: expan amybe
(11:15 / Allies) Io.0I: yellow
(11:18 / Allies) darkwasp: I WILL
(11:38 / Allies) darkwasp: END THE DUMBV ORC
(11:46 / Allies) Io.0I: reapir
(11:47 / Allies) Io.0I: miles
(11:49 / Allies) Io.0I: ur frost
(12:02 / Allies) darkwasp: GO BACK I WILL REPAIR
(12:23 / All) iamgodlike: PLAY
(12:33 / Allies) Io.0I: scout expos
(12:41 / Allies) Io.0I: u need tp miles?
(12:43 / Allies) Miles_Edgeworth: yes
(13:08 / Allies) Miles_Edgeworth: feed for pl
(13:13 / Allies) darkwasp: GET RED CAMPS
(13:20 / All) Io.0I: ROFL
(13:21 / All) Io.0I: CNEI AHCK
(13:25 / Allies) darkwasp: BURROWS
(13:27 / Allies) darkwasp: ARE BACK
(13:31 / Allies) Miles_Edgeworth: brt
(13:50 / Allies) darkwasp: RAODER
(13:51 / Allies) darkwasp: RAIDER
(13:54 / Allies) Io.0I: yo
(13:56 / Allies) darkwasp: GO TO THE BACK ONE
(13:57 / Allies) Io.0I: u nee a tp
(13:58 / Allies) Miles_Edgeworth: i'm just gonna kill these
(13:59 / Allies) Miles_Edgeworth: yes
(13:59 / Allies) Io.0I: fak
(14:00 / Allies) Miles_Edgeworth: i know
(14:14 / Allies) darkwasp: I NNEED HEKP
(14:24 / Allies) Miles_Edgeworth: trading
(14:33 / Allies) Io.0I: pink has no tp
(14:40 / Allies) Io.0I: buy tp on my bm
(14:44 / Allies) darkwasp: GOGOG
(14:57 / Allies) darkwasp: HES TPING AWAY?
(15:00 / Allies) Miles_Edgeworth: or inside
(15:01 / Allies) darkwasp: HALL HIM
(15:02 / Allies) Io.0I: kill
(15:03 / Allies) Io.0I: miles
(15:05 / Allies) darkwasp: CHECK
(15:07 / Allies) darkwasp: CHECK IT
(15:16 / All) Io.0I: FUKEN AHCERS
(15:29 / Allies) darkwasp: ILL BUY ANOTHER TP
(15:30 / Allies) Io.0I: oput
(15:49 / Allies) Io.0I: buy my health pot
(15:51 / Allies) Io.0I: mana pot
(15:52 / Allies) darkwasp: NO MANA ON BM
(16:10 / Allies) darkwasp: EXPO NEEDS HELP
(16:13 / Allies) Io.0I: tp
(16:14 / Allies) Io.0I: on ur dk
(16:56 / Allies) darkwasp: PUSH INTO RED
(17:00 / Allies) Miles_Edgeworth: use wards
(17:15 / Allies) darkwasp: NICE
(17:16 / Allies) darkwasp: NCIE
(18:03 / Allies) darkwasp: CAN YOU CLEAR
(18:07 / Allies) Miles_Edgeworth: yes
(18:10 / Allies) Miles_Edgeworth: then i need to finis hthem
(18:15 / Allies) Miles_Edgeworth: use shade
(18:28 / Allies) Miles_Edgeworth: lol
(18:28 / Allies) darkwasp: NICE
(18:32 / Allies) Io.0I: is tere tie?
(18:33 / All) darkwasp: WHOOPS
(18:34 / Allies) Miles_Edgeworth: no
(18:35 / Allies) Io.0I: in finals?
(18:40 / Allies) Miles_Edgeworth: higher score wins
(18:52 / Allies) Miles_Edgeworth: throw it up
(18:54 / Allies) Io.0I: exapnd
(18:54 / Allies) Miles_Edgeworth: you need gold?
(18:55 / Allies) Io.0I: shit man
(18:56 / Allies) darkwasp: OK
(19:20 / Allies) darkwasp: 250 MORE TO EXPAND AGAIN
(19:27 / All) darkwasp: LOLOL
(19:32 / All) darkwasp: PAUSE TRICK
(19:38 / Allies) Miles_Edgeworth: k
(19:39 / Allies) Io.0I: maybe
(19:43 / Allies) Io.0I: i wisp scout
(19:46 / Allies) darkwasp: GOGO
(20:02 / Allies) Miles_Edgeworth: i wish there was fucking invul pots on this map
(20:16 / Allies) Miles_Edgeworth: what was it
(20:17 / Allies) Io.0I: do red
(20:19 / Allies) darkwasp: BM
(20:21 / Allies) darkwasp: IS HERE
(20:25 / Allies) darkwasp: I WOULD BE CAREFIL
(20:32 / Allies) Io.0I: u cabn c
(20:41 / Allies) Io.0I: jus cancel
(20:44 / Allies) darkwasp: I WILL
(21:02 / Allies) darkwasp: NIBM
(21:04 / Allies) darkwasp: NO BM
(21:06 / Allies) Io.0I: cancel
(21:07 / Allies) Io.0I: man
(21:07 / Allies) darkwasp: WO
(21:09 / Allies) darkwasp: FUCK ME
(21:13 / Allies) Miles_Edgeworth: bm isn't the problem
(21:37 / Allies) Miles_Edgeworth: scout that
(21:39 / Allies) Miles_Edgeworth: withs ahde
(21:41 / Allies) Io.0I: it's nto up
(21:42 / Allies) Io.0I: i saw
(21:45 / Allies) Miles_Edgeworth: ok
(21:52 / Allies) Io.0I: miels control
(21:54 / Allies) Io.0I: so i can sue shad
(21:55 / Allies) Io.0I: sahe
(22:31 / Allies) Miles_Edgeworth: ?
(22:33 / Allies) Io.0I: rofl
(22:35 / Allies) darkwasp: IM MOVING WISPS
(23:58 / Allies) Io.0I: dh coming back
(24:01 / Allies) Miles_Edgeworth: ok
(24:09 / Allies) darkwasp: RED
(24:10 / Allies) Io.0I: wood
(24:11 / Allies) Io.0I: for expo
(24:17 / Allies) darkwasp: CNA YOU SAVE
(24:20 / Allies) Miles_Edgeworth: mayb
(24:34 / Allies) Miles_Edgeworth: yes u cab
(24:46 / Allies) Io.0I: tehy have noe xpos
(24:53 / Allies) darkwasp: ALRIGHT
(24:56 / Allies) darkwasp: L;OLOL
(25:03 / Allies) Miles_Edgeworth: they went inside
(25:09 / Allies) Miles_Edgeworth: i have to kill that
(25:14 / Allies) darkwasp: KILL IT
(25:18 / Allies) darkwasp: KILL HOMETREE
(25:32 / Allies) Miles_Edgeworth: we prob win if this dies lol
(25:35 / Allies) Io.0I: wisps here
(25:40 / Allies) darkwasp: GET WISPS
(25:44 / Allies) Miles_Edgeworth: dh
(25:46 / Allies) Miles_Edgeworth: first
(25:46 / Allies) Miles_Edgeworth: lol